 Dungeon Crawl Stone Soup version 0.31-a0-237-g2d982f9f85 (webtiles) character file.

Game seed: 7842974238033636586

31 qw the Shooter (level 3, 0/29 HPs)
             Began as a Minotaur Hexslinger on July 10, 2023.
             Succumbed to Sigmund's poison
             ... on level 2 of the Dungeon.
             The game lasted 00:00:17 (985 turns).

qw the Shooter (Minotaur Hexslinger)                 Turns: 985, Time: 00:00:17

Health: 0/29       AC:  3    Str: 12    XL:     3   Next: 7%
Magic:  3/3        EV: 12    Int: 10    God:
Gold:   33         SH:  0    Dex: 14    Spells: 3/4 levels left

rFire   . . .        Y - +1 sling
rCold   . . .        (no shield)
rNeg    . . .        e - +0 leather armour
rPois   .            (helmet restricted)
rElec   .            (no cloak)
rCorr   .            (no gloves)
SInv    .            (no boots)
Will    .....        (no amulet)
Stlth   +            (no ring)
HPRegen 0.24/turn    (no ring)
MPRegen 0.08/turn

%: no passive effects
@: lethally poisoned (0 -> -1)
A: horns 2, retaliatory headbutt
a: no special abilities


You were on level 2 of the Dungeon.
You visited 1 branch of the dungeon, and saw 2 of its levels.

You collected 33 gold pieces.


Innate Abilities, Weirdness & Mutations

You have a pair of horns on your head.
You reflexively headbutt those who attack you in melee.


   Skills:
 - Level 2.0 Fighting
 + Level 3.6 Ranged Weapons
 - Level 2.1 Dodging
 - Level 1.0 Spellcasting
 - Level 2.0 Hexes


You had 3 spell levels left.
You knew the following spells:

 Your Spells              Type           Power      Damage    Failure   Level
a - Slow                  Hex            16%        N/A       19%         1

Your spell library contained the following spells:

 Spells                   Type           Power      Damage    Failure   Level
 Inner Flame              Hex/Fire       2%         N/A       65%         3
 Portal Projectile        Hex/Tloc       4%         N/A       65%         3
 Cause Fear               Hex            2%         N/A       88%         4

Inventory:

Hand Weapons
 Y - a +1 sling (weapon)
Armour
 b - a +0 ring mail
 e - a +0 leather armour (worn)
Jewellery
 a - an amulet of reflection
Scrolls
 g - a scroll of identify
Potions
 c - a potion of enlightenment {unknown}
 d - 2 potions of curing {unknown}
 f - a potion of brilliance {unknown}
 h - a potion of mutation {unknown}
 i - 2 potions of magic {unknown}

Dungeon Overview and Level Annotations

Branches:
Dungeon (2/15)

Altars:

Annotations:
D:2 Sigmund


Message History

Enter note: You shoot a sling bullet.
The sling bullet hits the rat.
You kill the rat!
You now have 33 gold pieces (gained 5).
Sigmund the Dreaded comes into view.
He is wielding a +2 scythe of venom.
Enter note: You shoot a sling bullet.
The sling bullet hits Sigmund.
Sigmund shouts!
Sigmund is lightly wounded.
You shoot a sling bullet. The sling bullet hits Sigmund.
Sigmund is moderately wounded.
Sigmund hits you from afar with a +2 scythe of venom!
You are poisoned.
You shoot a sling bullet.
The sling bullet closely misses Sigmund.
You feel very sick. Sigmund completely misses you.
You shoot a sling bullet. The sling bullet hits Sigmund.
Sigmund is moderately wounded.
You feel sick. Sigmund barely misses you.
You shoot a sling bullet. The sling bullet hits Sigmund.
Sigmund is heavily wounded.
You feel sick. Sigmund casts a spell at you. The magic dart hits you!
Enter note:
982 ||| UPGRADING to +0 ring mail.
You feel sick. Sigmund closely misses you.
You start removing your armour.
You continue taking off your +0 leather armour.
You feel sick. Sigmund casts a spell at you.
You stop removing your armour.
The magic dart hits you.
984 ||| UPGRADING to +0 ring mail.
You stop removing your armour.
You feel sick. Sigmund casts a spell at you. The puff of flame misses you.
985 ||| UPGRADING to +0 ring mail.
You stop removing your armour.
You die...

#.### ....# #.#.#
#.#.# ..#.# ###.#
....#
###################
................@.#
#################.#
@# .# .# .# .. ##
####


You could see Sigmund.

Vanquished Creatures
  An adder (D:2)
  A dart slug (D:1)
  A ball python (D:1)
  2 bats (D:1)
  2 hobgoblins (D:1)
  6 kobolds
  2 quokkas (D:1)
  3 rats
18 creatures vanquished.

Notes
Turn   | Place    | Note
-------+----------+-------------------------------------------
     0 | D:1      | qw the Minotaur Hexslinger began the quest for the Orb.
     0 | D:1      | Reached XP level 1. HP: 16/16 MP: 1/1
     0 | D:1      | 0 ||| qw: Version: 0.3-a-52-g30416fa
     0 | D:1      | 0 ||| qw: Game counter: 5271
     0 | D:1      | 0 ||| qw: Melee chars always use a shield: true
     0 | D:1      | 0 ||| qw: God list: Okawaru
     0 | D:1      | 0 ||| qw: Allow faded altars: false
     0 | D:1      | 0 ||| qw: Do Orc after clearing Dungeon:15 true
     0 | D:1      | 0 ||| qw: Do second Lair branch before Depths: true
     0 | D:1      | 0 ||| qw: Lair rune preference: random
     0 | D:1      | 0 ||| qw: Goals: Normal
     0 | D:1      | 0 ||| PLANNING D:1-11
    59 | D:1      | Reached skill level 3 in Ranged Weapons
    59 | D:1      | Reached XP level 2. HP: 23/23 MP: 2/2
   621 | D:1      | 621 ||| UPGRADING to +0 leather armour.
   631 | D:1      | 631 ||| DROPPING +0 robe.
   632 | D:1      | 632 ||| READING scroll labelled TUES PIHYET.
   633 | D:1      | 633 ||| READING 2 scrolls labelled NIFULY POCLE.
   634 | D:1      | 634 ||| DROPPING scroll of poison.
   717 | D:2      | Found a faded altar of an unknown god.
   907 | D:2      | Reached XP level 3. HP: 29/29 MP: 3/3
   976 | D:2      | Noticed Sigmund
   982 | D:2      | 982 ||| UPGRADING to +0 ring mail.
   983 | D:2      | HP: 2/29 [Sigmund/magic dart (6)]
   984 | D:2      | 984 ||| UPGRADING to +0 ring mail.
   985 | D:2      | 985 ||| UPGRADING to +0 ring mail.
   985 | D:2      | Succumbed to Sigmund's poison

Levels and vault maps discovered:
D:1:      dpeg_arrival_arbitrary_b, layout_loops_cross
D:2:      layout_basic, shapermc_ecumenical_altar_pompeii, uniq_terence,
          uniq_sigmund

Skill      XL: |  1  2 |
---------------+-------+-----
Ranged Weapons | 3 |  3.6
Fighting       | 2 |  2.0
Dodging        | |  2.1
Spellcasting   | |  1.0
Hexes          | |  2.0

Action                     || total
---------------------------++-------
   Fire: Sling             ||    53
    Use: Scroll            ||     2
 Armour: Leather armour    ||     1
  Dodge: Dodged            ||     8

Table legend:
 A = Non-vault XP
 B = Vault XP
 C = Vault XP percentage of total XP
 D = Non-vault monster count
 E = Vault monster count
 F = Vault count percentage of total count
                 A         B        C        D         E       F
            +---------+---------+-------+---------+---------+-------
      Total |      45 |       0 |   0.0 |      18 |       0 |   0.0
            +---------+---------+-------+---------+---------+-------
        D:1 |      27 |       0 |   0.0 |      14 |       0 |   0.0
        D:2 |      18 |       0 |   0.0 |       4 |       0 |   0.0
            +---------+---------+-------+---------+---------+-------
